 Dungeon Crawl Stone Soup version 0.22-a0-542-gce4f928 (webtiles) character file.

3516 vierth the Protected (level 9, -2/83 HPs)
             Began as a Minotaur Fighter on June 24, 2018.
             Was a Follower of Trog.
             Slain by a hound (4 damage)
             ... on level 8 of the Dungeon.
             The game lasted 00:12:10 (7887 turns).

vierth the Protected (Minotaur Fighter)             Turns: 7887, Time: 00:12:11

Health: -2/83      AC:  5    Str: 24    XL:     9   Next: 81%
Magic:  8/8        EV:  7    Int:  5    God:    Trog [*.....]
Gold:   416        SH: 12    Dex: 10    Spells: 8/8 levels left

rFire    . . .     SeeInvis .   J - +0 broad axe
rCold    . . .     Gourm    .   c - +0 shield
rNeg     . . .     Faith    .   s - +0 chain mail
rPois    .         Spirit   .   (helmet restricted)
rElec    .         Reflect  .   B - +0 cloak
rCorr    .         Harm     .   (no gloves)
MR       .....                  (no boots)
Stlth    ..........             (no amulet)
HPRegen  0.23/turn              q - +1 ring of protection
MPRegen  0.11/turn              (no ring)

@: lethally poisoned (-2 -> -7), corroded
A: retaliatory headbutt, horns 2
a: Berserk, Renounce Religion


You were on level 8 of the Dungeon.
You worshipped Trog.
Trog was aware of your devotion.
You were hungry.

You visited 2 branches of the dungeon, and saw 10 of its levels.

You collected 416 gold pieces.

Inventory:

Hand Weapons
 a - a +0 war axe
 r - a +3 dire flail of draining
 J - a +0 broad axe (weapon)
Armour
 c - a +0 shield (worn)
 s - a +0 chain mail (worn)
 B - a +0 cloak (worn)
Jewellery
 q - a +1 ring of protection (left hand)
 I - an uncursed ring of flight {unknown}
Wands
 u - a wand of acid (8)
 x - a wand of disintegration (28)
 C - a wand of polymorph (16)
 H - a wand of iceblast (10)
Scrolls
 b - 3 scrolls of magic mapping {unknown}
 e - 2 scrolls of amnesia
 g - 6 scrolls of identify
 h - 7 scrolls of remove curse
 i - 3 scrolls of blinking {unknown}
 n - 2 scrolls of fog {unknown}
 p - 2 scrolls of immolation {unknown}
 t - 2 scrolls of teleportation {unknown}
 y - a scroll of enchant armour {unknown}
 z - a scroll of random uselessness {unknown}
 D - 2 scrolls of summoning {unknown}
 E - a scroll of torment {unknown}
Potions
 d - 3 potions of might
 j - 5 potions of curing
 k - 5 potions of heal wounds {unknown}
 l - 4 potions of brilliance {unknown}
 m - a potion of haste {unknown}
 o - 2 potions of flight {unknown}
 v - a potion of lignification {unknown}
 w - a potion of agility {unknown}
 A - a potion of cancellation {unknown}
 F - 2 potions of ambrosia {unknown}
 G - a potion of mutation {unknown}
Comestibles
 f - 5 rations


   Skills:
 + Level 9.2 Fighting
 + Level 8.7 Axes
 + Level 9.3 Armour
 + Level 9.2 Shields


You had 8 spell levels left.
You didn't know any spells.
Your spell library was empty.

Dungeon Overview and Level Annotations

Branches:
Dungeon (9/15)             Temple (1/1) D:5
   Lair: D:8-11         Orc: D:9-12

Altars:
Ashenzari
Cheibriados
Dithmenos
Elyvilon
Fedhas
Gozag
Hepliaklqana
Kikubaaqudgha
Makhleb
Nemelex Xobeh
Okawaru
Qazlal
Ru
Trog
Uskayaw
Vehumet
Wu Jian
Xom
Yredelemnul
Zin
The Shining One

Shops:
D:5 *   D:6 *


Innate Abilities, Weirdness & Mutations

You reflexively headbutt those who attack you in melee.
You have a pair of horns on your head.


Message History

You miss the killer bee. You closely miss the hound. You hit the killer bee.
The killer bee stings you.
* * * LOW HITPOINT WARNING * * *
You are poisoned.
The killer bee poisons you! You block the killer bee's attack. x2
The hound barely misses you. You furiously retaliate!
You headbutt the hound, but do no damage.
You block the killer bee's attack. The killer bee stings you.
* * * LOW HITPOINT WARNING * * *
You are more poisoned.
The killer bee poisons you! The killer bee stings you!
* * * LOW HITPOINT WARNING * * *
The hound bites you but does no damage.
* * * LOW HITPOINT WARNING * * *
You feel sick. The killer bee completely misses you. The hound bites you.
* * * LOW HITPOINT WARNING * * *
You climb upwards.
* * * LOW HITPOINT WARNING * * *
You feel sick. The hound completely misses you. The hound bites you.
You die...

#.#######.##........#
..#######...........#
#.........##........#
#.........##........#
#.........##........##
..........##.........#
...........#.........##..).. #...
.....##...(....h.y(..(##...# ....
..(..##.........@h.....#.%.#.....
.....##.........yh.o...#...#.....
.....#####'#.....o.....#...#(....
.....# #.#............$........
.....# #.#.....................
##...# #.#...............†.....
#...# #.............?...).....
########################


You could see 3 hounds, 2 killer bees and 2 orcs.

Vanquished Creatures
  Pikel (D:7)
  The ghost of iamserjio the Covert, an amateur GnAs (D:5)
  Sigmund (D:2)
  A wyvern (D:8)
  A hungry ghost (D:6)
  A steam dragon (D:5)
  Edmund (D:4)
  Duvessa (D:4)
  An ice beast (D:7)
  2 phantoms
  A hornet zombie (D:8)
  4 ogres
  3 bullfrogs
  Dowan (D:4)
  A wyvern skeleton (D:6)
  3 scorpions
  A vampire bat (D:4)
  2 crimson imps
  A jelly (D:9)
  3 hounds
  6 bullfrog skeletons
  A centaur skeleton (D:5)
  3 iguanas
  6 worker ants
  A hound zombie (D:6)
  Robin (D:2)
  3 gnolls (D:3)
  4 adders
  2 shadow imps
  2 oozes
  An adder skeleton (D:6)
  2 worms
  2 dart slugs
  3 fire bats (D:4)
  12 leopard geckos
  4 orcs
  2 spectral bats (D:4)
  2 ball pythons
  3 bat skeletons (D:4)
  A bat zombie (D:4)
  7 giant cockroaches
  9 goblins
  12 hobgoblins
  9 jackals
  6 kobolds
  2 quokkas (D:2)
  19 bats
  A bat simulacrum (D:4)
  3 frilled lizards
  8 rats
168 creatures vanquished.

Notes
Turn   | Place    | Note
-------+----------+-------------------------------------------
     0 | D:1      | vierth the Minotaur Fighter began the quest for the Orb.
     0 | D:1      | Reached XP level 1. HP: 19/19 MP: 0/0
   218 | D:1      | Reached XP level 2. HP: 27/27 MP: 1/1
   580 | D:2      | Noticed Robin
   581 | D:2      | Reached XP level 3. HP: 33/33 MP: 2/2
   618 | D:2      | Killed Robin
  1058 | D:2      | Reached XP level 4. HP: 37/40 MP: 3/3
  1370 | D:2      | Noticed Sigmund
  1386 | D:2      | Killed Sigmund
  1386 | D:2      | Reached skill level 5 in Fighting
  1386 | D:2      | Reached skill level 5 in Armour
  1386 | D:2      | Reached skill level 5 in Shields
  1386 | D:2      | Reached XP level 5. HP: 12/48 MP: 4/4
  1386 | D:2      | Reached XP level 6. HP: 14/56 MP: 5/5
  2864 | D:4      | Noticed Edmund
  2877 | D:4      | Killed Edmund
  3112 | D:4      | Noticed Duvessa
  3112 | D:4      | Noticed Dowan
  3121 | D:4      | Killed Duvessa
  3121 | D:4      | Reached skill level 5 in Axes
  3121 | D:4      | Reached XP level 7. HP: 53/62 MP: 6/6
  3130 | D:4      | Killed Dowan
  3874 | D:4      | Reached XP level 8. HP: 63/71 MP: 7/7
  3960 | D:5      | Entered Level 5 of the Dungeon
  4039 | D:5      | Found Ynamir's Assorted Antiques.
  4415 | D:5      | Found a staircase to the Ecumenical Temple.
  4481 | D:5      | Found a runed door.
  4482 | D:5      | Noticed iamserjio's ghost (amateur GnAs)
  4884 | Temple   | Entered the Ecumenical Temple
  4924 | Temple   | Became a worshipper of Trog the Wrathful
  5662 | D:6      | Found Jokaabb's Assorted Antiques.
  6421 | D:7      | Reached XP level 9. HP: 81/81 MP: 8/8
  6442 | D:7      | Reached * piety under Trog
  6618 | D:7      | Noticed Pikel
  6637 | D:7      | Killed Pikel
  7331 | D:5      | Killed iamserjio's ghost
  7886 | D:9      | HP: 4/83 [poisoned by a killer bee]
  7887 | D:8      | Slain by a hound

Vault maps used:
D:1:      scummos_arrival_checkerplants
D:2:      first_ration, uniq_sigmund, uniq_robin
D:4:      goddamned_bats, uniq_edmund, uniq_duvessa
D:5:      minmay_temple_entry_mist, gammafunk_ghost_grave, serial_shops, shop,
          hangedman_decor_opposing
D:6:      serial_shops, nicolae_shop_competitors_out_of_business
D:7:      kennysheep_generic_room_13, uniq_pikel
D:8:      nicolae_overflow_hidden_temple, grunt_ogre_cave,
          nicolae_underground_beach
D:9:      hiddenorc1_lemuel, serial_shops, nicolae_shop_waterfront,
          nrook_mini_vaults, hangedman_abyss_or_decor_stabs
Temple:   nicolae_temple_the_god_donut

Skill      XL: |  1  2  3  4  5  6  7  8  9 |
---------------+----------------------------+-----
Armour         | 4 5 6 8 9 |  9.3
Fighting       | 4 5 6 7 9 |  9.2
Shields        | 4 5 6 7 9 |  9.2
Axes           | 3 4 5 7 8 |  8.7

Action                   |  1- 3 |  4- 6 |  7- 9 || total
-------------------------+-------+-------+-------++-------
Melee: War axe           |    70 |   125 |   303 ||   498
       Headbutt          |    10 |    25 |    48 ||    83
       Broad axe         |       |       |     8 ||     8
  Use: Scroll            |       |     3 |     1 ||     4
  Eat: Ration            |       |     2 |     5 ||     7
Armor: Scale mail        |    59 |    52 |     5 ||   116
       Chain mail        |       |       |   184 ||   184
Dodge: Dodged            |    29 |    36 |    95 ||   160
Block: Shield            |    54 |    73 |   204 ||   331

Table legend:
 A = Spawn XP
 B = Non-spawn XP
 C = Spawn XP percentage of total XP
 D = Spawn monster count
 E = Non-spawn monster count
 F = Spawn count percentage of total count
 G = Total turns spent on level
                    A         B        C        D         E        F      G
               +---------+---------+-------+---------+---------+-------+---------
         Total |       0 |    5024 |   0.0 |       0 |     168 |   0.0 |  7887
               +---------+---------+-------+---------+---------+-------+---------
           D:1 |       0 |      30 |   0.0 |       0 |      16 |   0.0 |   752
           D:2 |       0 |     358 |   0.0 |       0 |      42 |   0.0 |  1161
           D:3 |       0 |      76 |   0.0 |       0 |      20 |   0.0 |   910
           D:4 |       0 |     990 |   0.0 |       0 |      41 |   0.0 |  1137
           D:5 |       0 |     525 |   0.0 |       0 |       7 |   0.0 |  1025
           D:6 |       0 |    1067 |   0.0 |       0 |      20 |   0.0 |  1186
           D:7 |       0 |    1328 |   0.0 |       0 |      14 |   0.0 |   970
           D:8 |       0 |     445 |   0.0 |       0 |       5 |   0.0 |   486
           D:9 |       0 |     205 |   0.0 |       0 |       3 |   0.0 |     9
               +---------+---------+-------+---------+---------+-------+---------
